 Dungeon Crawl Stone Soup version 0.18-a0-1147-g8e8348b (webtiles) character file.

211 RedPan the Chiller (level 5, -1/38 HPs)
             Began as a Draconian Ice Elementalist on Jan 21, 2016.
             Slain by Eustachio
             ... wielding a +0 falchion of slicing
              (2 damage)
             ... on level 4 of the Dungeon on Jan 22, 2016.
             The game lasted 00:28:06 (3205 turns).

RedPan the Chiller (Draconian Ice Elementalist)     Turns: 3205, Time: 00:28:07

Health: -1/38      AC: 14    Str: 11    XL:     5   Next: 57%
Magic:  5/11       EV: 12    Int: 16    God:
Gold:   92         SH:  0    Dex: 11    Spells: 3 memorised, 6 levels left

rFire  . . .     SeeInvis .     q - +0 dagger (elec)
rCold  . . .     Gourm    .     (armour unavailable)
rNeg   . . .     Faith    .     (no shield)
rPois  .         Spirit   .     (helmet restricted)
rElec  .         Dismiss  .     f - +0 cloak
rCorr  .         Reflect  .     (no gloves)
SustAt .         Harm     .     (no boots)
MR     .....                    (no amulet)
Stlth  ++........               d - +3 ring of protection
                                g - ring of wizardry

@: icy armour, not resistant to hostile enchantments, unstealthy
A: unfitting armour, cold-blooded, AC +5
a: no special abilities


You were on level 4 of the Dungeon.
You were not hungry.

You visited 1 branch of the dungeon, and saw 4 of its levels.

You collected 92 gold pieces.

Inventory:

Hand Weapons
 q - a +0 dagger of electrocution (weapon)
Armour
 f - a +0 cloak (worn)
Jewellery
 d - a +3 ring of protection (right hand)
 g - a ring of wizardry (left hand)
 i - an uncursed ring of resist corrosion
 j - an uncursed ring of protection from magic
Wands
 p - a wand of digging (5/24)
Scrolls
 e - 3 scrolls of teleportation {unknown}
 k - a scroll of remove curse {unknown}
 m - a scroll of enchant armour {unknown}
 n - a scroll of fog {unknown}
 o - 2 scrolls of amnesia {unknown}
 u - a scroll of random uselessness {unknown}
Potions
 c - 2 potions of haste {unknown}
 h - a potion of curing {unknown}
 l - a potion of beneficial mutation {unknown}
 r - a potion of mutation {unknown}
 t - a potion of lignification {unknown}
 v - a potion of flight {unknown}
 w - a potion of poison {unknown}
Books
 a - a book of Frost

   Spells                             Type                      Level
   a - Freeze                         Ice                          1
   b - Throw Frost                    Conjuration/Ice              2
   c - Ozocubu's Armour               Charms/Ice                   3
   d - Throw Icicle                   Conjuration/Ice              4
   e - Summon Ice Beast               Ice/Summoning                4
   f - Condensation Shield            Ice                          4
Comestibles
 b - 2 bread rations
 s - a chunk of flesh


   Skills:
 - Level 1.7 Dodging
 - Level 1.7 Stealth
 - Level 4.3 Spellcasting
 - Level 1.0 Conjurations
 + Level 4.6 Ice Magic


You had 6 spell levels left.
You knew the following spells:

 Your Spells              Type           Power        Failure   Level  Hunger
a - Freeze                Ice            ###.         1%          1    None
b - Throw Frost           Conj/Ice       ##....       4%          2    ##.....
c - Ozocubu's Armour      Chrm/Ice       ##......     9%          3    ###....


Dungeon Overview and Level Annotations

Branches:
Dungeon (4/15)
 Temple: D:4-7

Altars:

Annotations:
D:2 Sigmund
D:4 Eustachio


Innate Abilities, Weirdness & Mutations

Your plain brown scales are hard (AC +5).
Your body does not fit into most forms of armour.
You are cold-blooded and may be slowed by cold attacks.


Message History

The bat hits you but does no damage. The rat bites you but does no damage.
Casting: Freeze
Confirm with . or Enter, or press ? or * to list all spells.
Your icy armour thickens.
The bat hits you but does no damage. The bat barely misses you.
The quokka bites you.
* * * LOW HITPOINT WARNING * * *
Eustachio mumbles some strange words.
The rat misses you.
Casting: Ozocubu's Armour
Confirm with . or Enter, or press ? or * to list all spells.
Aiming: Freeze
Press: ? - help, Shift-Dir - straight line, f/p - Eustachio
Aim: Eustachio, wielding a falchion of slicing and wearing a leather armour (severely wounded)
You freeze Eustachio.
Eustachio is severely wounded.
The bat barely misses you. The bat hits you but does no damage.
The quokka closely misses you.
Eustachio hits you with a falchion of slicing!
* * * LOW HITPOINT WARNING * * *
You die...

.....######.....#####......+
.....'....'.....'..........#
.....######.....####.####+##
###### #.....# #.# #.# #...(.#
#.# #.# #+# #.....# #.####.# #.#
###########.....####......#####.#
...............5r............##.#
###############b@@....######.##.#
.......'br.....+.......>..
########...5...######....#
######### ##...# .....# ####...
#..# #..# #...


You could see Eustachio, an iron imp, a shadow imp, a quokka, 2 bats and a rat.

Vanquished Creatures
  An orc wizard (D:3)
  A worker ant (D:3)
  4 adders
  3 gnolls (D:3)
  An ooze (D:4)
  3 worms
  2 giant geckos
  12 orcs
  4 giant cockroaches
  10 goblins
  5 hobgoblins
  2 jackals (D:3)
  10 bats
  3 giant newts
  4 kobolds
  A quokka skeleton (D:4)
  7 rats
73 creatures vanquished.

Notes
Turn   | Place    | Note
--------------------------------------------------------------
     0 | D:1      | RedPan the Draconian Ice Elementalist began the quest for the Orb.
     0 | D:1      | Reached XP level 1. HP: 14/14 MP: 3/3
   387 | D:1      | Reached XP level 2. HP: 17/20 MP: 5/5
   581 | D:1      | Learned a level 2 spell: Throw Frost
   862 | D:1      | Reached XP level 3. HP: 23/26 MP: 5/7
  1063 | D:2      | Noticed Sigmund
  1088 | D:1      | Learned a level 3 spell: Ozocubu's Armour
  1505 | D:3      | Reached skill level 4 in Spellcasting
  1514 | D:3      | Reached XP level 4. HP: 31/33 MP: 3/10
  2055 | D:3      | Reached XP level 5. HP: 14/38 MP: 4/11
  2600 | D:3      | Upgraded the game from 0.18-a0-1140-g8540535 to 0.18-a0-1147-g8e8348b
  3181 | D:4      | Noticed Eustachio
  3205 | D:4      | HP: 1/38 [Eustachio/falchion of slicing (7)]
  3205 | D:4      | Slain by Eustachio

Vault maps used:
D:1:      onia_arrival_mini_spirals, lemuel_another_geyser
D:2:      lemuel_doored_altar, lightli_corner_chamber, uniq_iyjb, uniq_sigmund
D:3:      minmay_box_of_dots
D:4:      first_bread, uniq_eustachio

Action                   |  1- 3 |  4- 6 || total
-------------------------+-------+-------++-------
Melee: Dagger            |    97 |   138 ||   235
 Cast: Freeze            |    23 |    20 ||    43
       Throw Frost       |     8 |     7 ||    15
       Ozocubu's Armour  |       |     2 ||     2
  Use: Scroll            |     1 |     2 ||     3
  Eat: Chunk             |     1 |     1 ||     2
       Beef jerky        |     1 |       ||     1
       Bread ration      |       |     1 ||     1
